 Dungeon Crawl Stone Soup version 0.27.0-1-g7a089689b8 (webtiles) character file.

Game seed: 14672750569981857668

556 SnakkuSnakku7 the Vandal (level 7, -1/43 HPs)
             Began as an Octopode Arcane Marksman on Aug 14, 2021.
             Was an Initiate of Fedhas.
             Killed by divine providence
             ... invoked by an orc priest
              (10 damage)
             ... on level 5 of the Dungeon.
             The game lasted 00:10:23 (6747 turns).

SnakkuSnakku7 the Vandal (Octopode Arcane Marksman) Turns: 6747, Time: 00:10:24

Health: -1/43      AC:  1    Str: 11      XL:     7   Next: 30%
Magic:  8/8        EV: 13    Int: 15      God:    Fedhas [......]
Gold:   110        SH:  5    Dex:  9 (13) Spells: 7/8 levels left

rFire    . . .     SeeInvis .   a - +1 hunting sling
rCold    . . .     Faith    .   (no shield)
rNeg     . . .     Spirit   .   (helmet restricted)
rPois    .         Reflect  +   g - amulet of reflection
rElec    .         Harm     .   (no ring)
rCorr    .         Rampage  .   (no ring)
Will     .....                  (no ring)
Stlth    ++........             (no ring)
HPRegen  0.14/turn              (no ring)
MPRegen  0.11/turn              (no ring)
                                (no ring)
                                (no ring)

@: no status effects
A: almost no armour, amphibious, 8 rings, camouflage 1, gelatinous body 1,
(nimble swimmer 1), tentacles
a: Renounce Religion


You were on level 5 of the Dungeon.
You worshipped Fedhas.
Fedhas was noncommittal.
You visited 1 branch of the dungeon, and saw 5 of its levels.
You also visited: Sewer.

You collected 224 gold pieces.
You spent 114 gold pieces at shops.

Inventory:

Hand Weapons
 a - a +1 hunting sling (weapon)
 b - a +4 rapier of draining
Missiles
 c - 16 sling bullets
 u - 61 stones (quivered ammo)
Armour
 f - a +0 kite shield
Jewellery
 g - an amulet of reflection (around mantle)
Scrolls
 k - a scroll of amnesia {unknown}
 l - a scroll of enchant armour {unknown}
 m - a scroll of immolation {unknown}
 q - a scroll of magic mapping {unknown}
 s - 3 scrolls of fog
 t - 2 scrolls of teleportation {unknown}
Potions
 d - 2 potions of brilliance
 e - 2 potions of invisibility {unknown}
 h - a potion of mutation {unknown}
 i - a potion of might {unknown}
 j - 3 potions of curing
 o - a potion of experience {unknown}
 p - a potion of haste
 r - a potion of cancellation


   Skills:
 - Level 1.0 Fighting
 + Level 7.5 Slings
 - Level 2.0 Dodging
 + Level 1.7 Shields
 - Level 1.0 Spellcasting
 - Level 3.0 Hexes


You had 7 spell levels left.
You knew the following spells:

 Your Spells              Type           Power      Damage    Failure   Level
a - Corona                Hex            10%        N/A       7%          1

Your spell library contained the following spells:

 Spells                   Type           Power      Damage    Failure   Level
 Slow                     Hex            9%         N/A       11%         2
 Corpse Rot               Necr/Air       N/A        N/A       36%         2
 Inner Flame              Hex/Fire       5%         N/A       36%         3
 Portal Projectile        Hex/Tloc       10%        N/A       36%         3
 Cause Fear               Hex            4%         N/A       56%         4
 Dispel Undead            Necr           0%         3d6       94%         4
 Death Channel            Necr           0%         N/A       100%        6


Dungeon Overview and Level Annotations

Branches:
Dungeon (5/15)              Sewer (visited)
 Temple: D:4-7

Altars:
Ashenzari
Fedhas
Gozag
Kikubaaqudgha
Wu Jian
Zin

Shops:
D:5 *

Annotations:
D:3 dig cash


Innate Abilities, Weirdness & Mutations

You cannot wear most types of armour.
You are amphibious.
You can wear up to eight rings at the same time.
Your skin changes colour to match your surroundings (Stealth+).
Your rubbery body absorbs attacks. (AC +1, EV +1)
((You are camouflaged near water. (Stealth+)))
You have tentacles for arms and can constrict up to eight enemies at once.


Message History

The orc priest is heavily wounded.
You hear a shout! x3
An orc comes into view. It is wielding a +0 club.
You shoot a stone. The orc shouts!
The stone hits the orc.
The orc is lightly wounded.
You shoot a stone.
The stone completely misses the orc priest.
An ogre comes into view. It is wielding a +0 giant spiked club.
An orc comes into view. It is wielding a +0 whip.
An orc priest comes into view. It is wielding a +0 club.
You shoot a stone. The stone hits the orc priest.
The orc priest is heavily wounded.
You shoot a stone. The stone hits the orc priest.
The orc priest is severely wounded.
The orc priest begins to cast a cantrip, but forgets the words!
You shoot a stone.
The stone closely misses the orc priest.
The stone hits the orc priest but does no damage.
The orc priest invokes the aid of Beogh against you.
Pain shoots through your body!
You shoot a stone.
The stone barely misses the orc priest. x2
The stone hits the orc.
The orc is severely wounded.
The orc priest calls down the wrath of Beogh upon you.
You struggle to resist.
The orc priest invokes the aid of Beogh against you.
Beogh smites you!
An orc comes into view. It is wielding a +0 hand axe.
The orc priest mumbles some strange prayers to Beogh against you.
Beogh smites you!
The orc priest calls down the wrath of Beogh upon you.
Beogh smites you!
* * * LOW HITPOINT WARNING * * *
You feel better.
The orc priest calls down the wrath of Beogh upon you.
Beogh smites you!
You die...
Fedhas appreciates your contribution to the ecosystem.

#.##...........#.#)##..
####.##..............))...
#...........).....#.#.##..
#.##.##.........##...###..
#.##.##.........###.## #..
#.##.##.......#.# #.# ###
#.##............# #.######
#.##<####.#...... ........
#.##.# #@#.........####.#
###.##.#
#.#######.#####.#.
#......# #.##### . #.#..
#.###.#####o....# #. ##...
#. #......####.# ##.# #
#.####o# #.# ...# #o# #.#
##### #o# #.# #(# #.#


You could see 2 orc priests and 2 orcs.

Vanquished Creatures
  Eustachio (D:4)
  An ogre (D:4)
  A water moccasin zombie (D:5)
  A hound (D:3)
  An iguana (D:4)
  A hound zombie (D:5)
  A hound skeleton (D:5)
  A howler monkey skeleton (D:5)
  4 adders
  3 river rats (Sewer)
  An adder skeleton (D:4)
  A worm (D:1)
  3 dart slugs
  14 orcs
  9 endoplasms
  5 giant cockroaches
  7 goblins
  5 hobgoblins
  2 jackals (D:2)
  10 quokkas
  11 ball pythons
  2 bats
  9 frilled lizards
  7 kobolds
  11 rats
112 creatures vanquished.

Vanquished Creatures (collateral kills)
  A river rat (Sewer)
  2 rats (Sewer)
3 creatures vanquished.

Vanquished Creatures (others)
  2 fungi (D:4)
  2 plants
4 creatures vanquished.

Grand Total: 119 creatures vanquished

Notes
Turn   | Place    | Note
-------+----------+-------------------------------------------
     0 | D:1      | SnakkuSnakku7 the Octopode Arcane Marksman began the quest
                  | for the Orb.
     0 | D:1      | Reached XP level 1. HP: 13/13 MP: 2/2
   146 | D:1      | Reached XP level 2. HP: 18/18 MP: 3/3
   489 | D:1      | Reached skill level 3 in Slings
   706 | D:1      | Found a faded altar of an unknown god.
  1171 | D:1      | Reached XP level 3. HP: 13/23 MP: 4/4
  1519 | D:2      | Reached skill level 4 in Slings
  1638 | D:2      | Reached XP level 4. HP: 24/28 MP: 5/5
  2180 | D:3      | Found a glowing drain.
  2221 | Sewer    | Entered a sewer
  3016 | Sewer    | Reached skill level 5 in Slings
  3016 | Sewer    | Reached XP level 5. HP: 22/33 MP: 6/6
  3452 | D:3      | Found a broken altar of Ashenzari.
  3572 | D:3      | Found an ancient bone altar of Kikubaaqudgha.
  4278 | D:3      | Found a glowing silver altar of Zin.
  4315 | D:4      | Found a blossoming altar of Fedhas.
  4593 | D:4      | Noticed an ogre
  4627 | D:4      | Killed an ogre
  4628 | D:4      | Reached skill level 6 in Slings
  4628 | D:4      | Reached XP level 6. HP: 29/38 MP: 7/7
  4680 | D:4      | Became a worshipper of Fedhas Madash
  4748 | D:4      | Noticed Eustachio
  4860 | D:4      | Killed Eustachio
  4861 | D:4      | Reached skill level 7 in Slings
  5319 | D:4      | Found an opulent altar of Gozag.
  5324 | D:4      | Found an ornate altar of the Wu Jian Council.
  5481 | D:4      | Reached XP level 7. HP: 43/43 MP: 8/8
  6253 | D:5      | Entered Level 5 of the Dungeon
  6294 | D:5      | Reached skill level 1 in Shields
  6390 | D:5      | Found Feahen's Assorted Antiques.
  6393 | D:5      | Bought a scroll labelled DOARAB SOREIL for 19 gold pieces
  6393 | D:5      | Bought a potion of curing for 57 gold pieces
  6393 | D:5      | Bought a scroll of identify for 38 gold pieces
  6747 | D:5      | Killed from afar by an orc priest

Illustrated notes

Levels and vault maps discovered:
D:1:      nzn_arrival_water_spiral, layout_loops_ring,
          shapermc_ecumenical_altar_starsandcircs, minivault_4
D:2:      layout_loops_ring
D:3:      layout_loops_corners, old_standard_altar, zin_treasury,
          mainiacjoe_overflow_concentric_impassable, gup_sewer_entry_pipe,
          serial_bayou_pond_d, grunt_decor_junction, nicolae_underground_beach
D:4:      layout_layer_cave, grunt_temple_overflow_open, fedhas_altar_3,
          uniq_eustachio
D:5:      layout_loops_ring, kennysheep_little_box, serial_shops, shop,
          kennysheep_mini, nicolae_stop_n_shop_1, serial_bayou_lake_a

Skill      XL: |  1  2  3  4  5  6  7 |
---------------+----------------------+-----
Slings         | 3 4 5 6 7 |  7.5
Shields        | 1 |  1.7
Fighting       | |  1.0
Dodging        | |  2.0
Spellcasting   | |  1.0
Hexes          | |  3.0

Action                   |  1- 3 |  4- 6 |  7- 9 || total
-------------------------+-------+-------+-------++-------
Melee: Unarmed           |     2 |     3 |       ||     5
       Hunting sling     |     2 |    28 |       ||    30
       Tentacles         |     2 |     9 |     1 ||    12
       Constrict         |     1 |    15 |     1 ||    17
       Spear             |       |    33 |       ||    33
       Rapier            |       |       |     8 ||     8
 Fire: Hunting sling     |   157 |   178 |    75 ||   410
Evoke: Wand              |     1 |    15 |       ||    16
  Use: Potion            |       |     4 |     1 ||     5
       Scroll            |       |     5 |     1 ||     6
 Stab: Sleeping          |       |     2 |       ||     2
Armor: Skin              |     7 |    23 |     1 ||    31
Dodge: Dodged            |    40 |   100 |    15 ||   155
Block: Other             |       |       |     5 ||     5
       Reflection        |       |       |     1 ||     1
